cohdb
Replays
Latest Replays
All Replays
Popular Replays
Top Player Replays
Match Explorer
How It Works
Community
CoH3 Stats
Reddit
Sign in to upload your games and track your stats! →
Sign in with Steam
Match 44505082
Unlisted
Match 44505082
Overview
Messages
Build Orders
End
Panzergrenadier Squad
Selects Italian Infantry
Kradschützen Motorcycle Team
Panzergrenadier Squad
Construct Light Support Kompanie
Selects Defensive Operations
MG34 Team
Fire Support Elements
Pak 38 Anti-tank Gun Team
le.IG 18 Mechanized Group
Construct Panzerarmee Kommand
Selects Prepared Positions
Veteran Squad Leaders
Walking Stuka Rocket Launcher
Flak 36 Anti-tank Gun Team
Selects Guastatori Squad
Selects Registered Artillery
2.5-tonne Medical Truck
Armored Reserves
Selects Towed Cannone da 105/28 Field Howitzer
Panzer IV Assault Group
Towed Cannone da 105/28 Field Howitzer
2.5-tonne Medical Truck
[Strike]LaserClaw
Orb
HolyMolyEmpire
Querido Raposo
makke
Legionary
0
0
Comments
sign in to comment!
No comments posted yet!